 Dungeon Crawl Stone Soup version 0.24-a0-284-g9fb9971 (webtiles) character file.

Game seed: 8295699029635552531

105 mhoghedin the Cutter (level 4, -5/33 HPs)
             Began as a Demigod Artificer on May 5, 2019.
             Killed from afar by an orc wizard (7 damage)
             ... with a puff of frost
             ... on level 3 of the Dungeon.
             The game lasted 00:04:03 (2743 turns).

mhoghedin the Cutter (Demigod Artificer)            Turns: 2743, Time: 00:04:04

Health: -5/33      AC:  4    Str: 17    XL:     4   Next: 29%
Magic:  8/8        EV: 12    Int: 15    God:
Gold:   48         SH:  0    Dex: 16    Spells: 3/3 levels left

rFire    . . .     SeeInvis .   a - +0 short sword
rCold    . . .     Gourm    .   (no shield)
rNeg     . . .     Faith    .   p - +0 leather armour
rPois    .         Spirit   .   (no helmet)
rElec    .         Reflect  .   g - +0 cloak
rCorr    .         Harm     .   (no gloves)
MR       .....                  (no boots)
Stlth    ++........             j - amulet of the acrobat
HPRegen  0.11/turn              (no ring)
MPRegen  0.11/turn              (no ring)

@: hasted, very quick
A: frail 1, high mp 1, sense surroundings 1
a: no special abilities


You were on level 3 of the Dungeon.
You were hungry.

You visited 1 branch of the dungeon, and saw 3 of its levels.

You collected 48 gold pieces.

Inventory:

Hand Weapons
 a - a +0 short sword (weapon)
 b - a +0 blowgun
   (You took it off a kobold on level 3 of the Dungeon)
Missiles
 q - 5 poisoned needles
Armour
 g - a +0 cloak (worn)
   (You found it on level 1 of the Dungeon)
 p - a +0 leather armour (worn)
Jewellery
 j - an amulet of the acrobat (around neck)
   (You found it on level 2 of the Dungeon)
Wands
 c - a wand of flame (15)
 d - a wand of enslavement (15)
 e - a wand of random effects (15)
Scrolls
 h - a scroll of remove curse
 i - a scroll of blinking {!r}
 l - a scroll of identify
Potions
 k - a potion of curing
Comestibles
 f - 4 rations


   Skills:
 + Level 2.6 Fighting
 + Level 2.7 Short Blades
 - Level 1.7 Dodging
 + Level 1.6 Stealth
 - Level 2.6 Evocations


You had 3 spell levels left.
You didn't know any spells.
Your spell library was empty.

Dungeon Overview and Level Annotations

Branches:
Dungeon (3/15)


Innate Abilities, Weirdness & Mutations

You have an increased reservoir of magic. (+10% MP)
You are frail. (-10% HP)
You passively map a small area around you.


Message History

You hear some strange, mumbled words.
A puff of frost appears from out of thin air!
The puff of frost hits you!
You take 10 damage, and have 16/37 hp.
MASSIVE DAMAGE!!
Firing (i - inventory)
q - 10 poisoned needles (quivered)
Aim: an orc, wielding a +0 club You shoot a poisoned needle.
The poisoned needle hits the orc.
The orc is poisoned.
Something hits you but does no damage.
Firing (i - inventory)
q - 9 poisoned needles (quivered)
Aim: an orc, wielding a +0 club (poisoned)
You shoot a poisoned needle.
The poisoned needle barely misses the orc.
Something hits you. Something hits you but does no damage.
You take 1 damage, and have 16/37 hp.
Firing (i - inventory)
q - 8 poisoned needles (quivered)
Aim: an orc, wielding a +0 club (poisoned)
You shoot a poisoned needle. The poisoned needle hits the orc.
The orc looks even sicker.
Something hits you but does no damage.
Firing (i - inventory)
q - 7 poisoned needles (quivered)
Aim: an orc, wielding a +0 club (moderately wounded, poisoned)
You shoot a poisoned needle. The poisoned needle hits the orc.
The orc looks even sicker.
Something hits you.
You take 1 damage, and have 15/37 hp.
Firing (i - inventory)
q - 6 poisoned needles (quivered)
Aim: an orc, wielding a +0 club (almost dead, poisoned)
You shoot a poisoned needle. The poisoned needle hits the orc.
The orc looks as sick as possible!
You kill the orc!
Something barely misses you.
a - a +0 short sword (weapon)
Something hits you.
You take 1 damage, and have 14/37 hp.
You barely miss something. Something hits you.
You take 1 damage, and have 13/37 hp.
You closely miss something. Something hits you.
* * * LOW HITPOINT WARNING * * *
Something hits you.
* * * LOW HITPOINT WARNING * * *
You take 4 damage, and have 9/37 hp.
You miss something. Something hits you but does no damage.
You hit something but do no damage.
Something hits you but does no damage. x2
It was a potion of haste.
You feel yourself speed up. Something hits you.
* * * LOW HITPOINT WARNING * * *
You take 5 damage, and have 5/37 hp.
Unknown command.
It was a potion of heal wounds.
You feel much better. Something hits you.
You regained 23 hp, and now have 28/37 hp.
You barely miss something. Something hits you but does no damage.
You miss something. You miss something. Something hits you but does no damage.
You hit something. Something hits you.
You take 1 damage, and have 27/37 hp.
You barely miss something. You closely miss something.
You hear some strange, mumbled words.
A puff of flame appears from out of thin air!
The puff of flame hits you!
You take 9 damage, and have 18/37 hp.
MASSIVE DAMAGE!!
It was a potion of mutation.
You feel extremely strange.
You feel frail.
You feel a strange attunement to the structure of the dungeons.
Something hits you but does no damage.
You barely miss something. You hit something but do no damage.
You hit something but do no damage.
You hear some strange, mumbled words.
You hit something. Something hits you but does no damage.
You closely miss something. Something hits you but does no damage.
You hit something. Something hits you but does no damage.
You closely miss something. Something hits you but does no damage.
You barely miss something. Something hits you but does no damage.
You hit something but do no damage. Something barely misses you.
You miss something.
You hear some strange, mumbled words.
A puff of flame appears from out of thin air!
The puff of flame hits you!
You take 8 damage, and have 11/33 hp.
MASSIVE DAMAGE!!
You closely miss something. Something hits you.
* * * LOW HITPOINT WARNING * * *
You take 3 damage, and have 8/33 hp.
You hit something. You hit something. Something hits you.
* * * LOW HITPOINT WARNING * * *
You take 2 damage, and have 6/33 hp.
You hit something but do no damage. Something hits you but does no damage.
You completely miss something. Something hits you.
* * * LOW HITPOINT WARNING * * *
You take 1 damage, and have 5/33 hp.
You hit something but do no damage. Something hits you but does no damage.
You barely miss something. Something hits you.
* * * LOW HITPOINT WARNING * * *
You take 4 damage, and have 2/33 hp.
You closely miss something.
You hear some strange, mumbled words.
A puff of frost appears from out of thin air!
The puff of frost hits you!
You die...

, #.>....o.(##.#
#.#.#.#
#.#..##..(.#.####.#.#.#
* #
#...............#.#.#
,#.###.#..#.####.#.#.#
* #. #.#.##.####.#.#.#
#.* #.#%##......#.#.# #
#.* #.#)#######.#.# .
#.#{# ###.###### ..#@#
#......... #.#.#
########## ###


There were no monsters in sight!

Vanquished Creatures
  A hound (D:2)
  An adder (D:2)
  2 worms
  A dart slug (D:2)
  2 leopard geckos
  3 orcs (D:3)
  2 ball pythons (D:1)
  A giant cockroach (D:2)
  6 goblins
  7 hobgoblins
  3 jackals (D:2)
  12 kobolds
  5 bats
  5 frilled lizards
  6 rats
57 creatures vanquished.

Notes
Turn   | Place    | Note
-------+----------+-------------------------------------------
     0 | D:1      | mhoghedin the Demigod Artificer began the quest for the
                  | Orb.
     0 | D:1      | Reached XP level 1. HP: 15/15 MP: 5/5
     7 | D:1      | Reached skill level 1 in Fighting
    31 | D:1      | Reached skill level 1 in Short Blades
    31 | D:1      | Reached skill level 1 in Stealth
   141 | D:1      | Reached XP level 2. HP: 17/23 MP: 6/6
   998 | D:2      | Found a shadowy altar of Dithmenos.
  1160 | D:2      | Reached XP level 3. HP: 26/29 MP: 7/7
  1305 | D:2      | Reached skill level 2 in Short Blades
  1477 | D:2      | Reached skill level 2 in Fighting
  1939 | D:2      | Reached XP level 4. HP: 17/37 MP: 8/8
  2255 | D:3      | HP: 9/37 [poisoned by a kobold]
  2714 | D:3      | HP: 9/37 [something (2)]
  2725 | D:3      | Gained mutation: You are frail. (-10% HP) [potion of
                  | mutation]
  2725 | D:3      | Gained mutation: You passively map a small area around you.
                  | [potion of mutation]
  2736 | D:3      | HP: 8/33 [something (3)]
  2742 | D:3      | HP: 2/33 [something (4)]
  2743 | D:3      | Killed from afar by an orc wizard

Levels and vault maps discovered:
D:1:      dpeg_arrival_oval, layout_loops_ring
D:2:      kennysheep_big_flooded_room, layout_basic, first_ration,
          minmay_liquid_box, nicolae_dithmenos_shadow_blocks
D:3:      layout_basic, ebering_ghost_sewer_d

Skill      XL: |  1  2  3 |
---------------+----------+-----
Fighting       | 1 2 |  2.6
Short Blades   | 1 2 |  2.7
Stealth        | 1 |  1.6
Dodging        | |  1.7
Evocations     | |  2.6

Action                   |  1- 3 |  4- 6 || total
-------------------------+-------+-------++-------
Melee: Short sword       |   170 |    62 ||   232
 Fire: Blowgun           |       |    17 ||    17
  Use: Scroll            |     4 |       ||     4
       Potion            |       |     4 ||     4
 Stab: Sleeping          |     1 |     2 ||     3
  Eat: Chunk             |     3 |     2 ||     5
Armor: Leather armour    |    51 |    20 ||    71
Dodge: Dodged            |   140 |    32 ||   172

Table legend:
 A = Non-vault XP
 B = Vault XP
 C = Vault XP percentage of total XP
 D = Non-vault monster count
 E = Vault monster count
 F = Vault count percentage of total count
                 A         B        C        D         E       F
            +---------+---------+-------+---------+---------+-------
      Total |     147 |       4 |   2.6 |      55 |       2 |   3.5
            +---------+---------+-------+---------+---------+-------
        D:1 |      39 |       0 |   0.0 |      26 |       0 |   0.0
        D:2 |      84 |       4 |   4.5 |      17 |       2 |  10.5
        D:3 |      24 |       0 |   0.0 |      12 |       0 |   0.0
            +---------+---------+-------+---------+---------+-------

Levels and vault maps discovered:
D:1:      dpeg_arrival_oval, layout_loops_ring
D:2:      kennysheep_big_flooded_room, layout_basic, first_ration,
          minmay_liquid_box, nicolae_dithmenos_shadow_blocks
D:3:      layout_basic, ebering_ghost_sewer_d

Table legend:
 A = Turns spent in this place as a percentage of turns spent in the entire game.
 B = Non-inter-level travel turns spent in this place as a percentage of non-inter-level travel turns spent in the entire game.
 C = Inter-level travel turns spent in this place as a percentage of turns spent in this place.
 D = Turns resting spent in this place as a percentage of non-inter-level travel turns spent in this place.
 E = Turns spent auto-exploring this place as a percentage of non-inter-level travel turns spent in this place.
 F = Non-inter-level travel turns spent in this place divided by the number of levels of this place that you've seen.
                   A       B       C       D       E      F
               +-------+-------+-------+-------+-------+----------------------
         Total | 100.0 | 100.0 |   3.6 |  36.0 |  44.1 | 881.3
       Dungeon | 100.0 | 100.0 |   3.6 |  36.0 |  44.1 | 881.3
               +-------+-------+-------+-------+-------+----------------------

Table legend:
 A = Kills in this place as a percentage of kills in entire the game.
 B = Kills by you in this place as a percentage of kills by you in the entire game.
 C = Kills by friends in this place as a percentage of kills by friends in the entire game.
 D = Other kills in this place as a percentage of other kills in the entire game.
 E = Experience gained in this place as a percentage of experience gained in the entire game.
 F = Experience gained in this place divided by the number of levels of this place that you have seen.
                   A       B       C       D       E      F
               +-------+-------+-------+-------+-------+----------------------
         Total | 100.0 | 100.0 |   N/A |   N/A | 100.0 |  50.3
       Dungeon | 100.0 | 100.0 |   N/A |   N/A | 100.0 |  50.3
               +-------+-------+-------+-------+-------+----------------------
